 Dungeon Crawl Stone Soup version 0.30-a0-134-gb40fab5c76 (webtiles) character file.

Game seed: 15029893295931405778

131 Ofeo the Vexing (level 4, -2/33 HPs)
             Began as a Demonspawn Hexslinger on Sept 19, 2022.
             Slain by Sigmund
             ... wielding a +0 scythe
              (6 damage)
             ... on level 3 of the Dungeon.
             The game lasted 00:03:34 (3194 turns).

Ofeo the Vexing (Demonspawn Hexslinger)             Turns: 3194, Time: 00:03:34

Health: -2/33      AC:  5    Str: 10    XL:     4   Next: 91%
Magic:  7/7        EV: 12    Int: 14    God:
Gold:   75         SH:  0    Dex: 16    Spells: 4/7 levels left

rFire   . . .      SeeInvis .    a - +1 sling
rCold   . . .      Faith    .    (no shield)
rNeg    . . .      Spirit   .    c - +0 robe
rPois   .          Reflect  .    (no helmet)
rElec   .          Harm     .    (no cloak)
rCorr   .          Rampage  .    (no gloves)
Will    .....                    l - +0 pair of boots
Stlth   +.........               (no amulet)
HPRegen 0.11/turn                (no ring)
MPRegen 0.10/turn                (no ring)

@: confused
A: yellow scales 1, powered by pain 1
a: no special abilities


You were on level 3 of the Dungeon.
You visited 1 branch of the dungeon, and saw 3 of its levels.

You collected 75 gold pieces.

Inventory:

Hand Weapons
 a - a +1 sling (weapon)
Armour
 c - a +0 robe (worn)
 l - a +0 pair of boots (worn)
Scrolls
 b - 4 scrolls of poison
 d - a scroll of magic mapping {unknown}
 e - a scroll of vulnerability {unknown}
 f - a scroll of identify {unknown}
 g - a scroll of acquirement {unknown}
 j - a scroll of fear {unknown}
 k - 2 scrolls of enchant weapon {unknown}
 n - a scroll of blinking {unknown}
 o - a scroll of amnesia {unknown}
 p - a scroll of teleportation {unknown}
 q - a scroll of silence {unknown}
 r - a scroll of fog {unknown}
Potions
 h - a potion of heal wounds {@q2}
 i - a potion of haste {@q3}


   Skills:
 + Level 2.2 Fighting
 + Level 2.5 Ranged Weapons
 + Level 2.5 Dodging
 + Level 2.1 Spellcasting
 + Level 3.6 Hexes


You had 4 spell levels left.
You knew the following spells:

 Your Spells              Type           Power      Damage    Failure   Level
a - Slow                  Hex            44%        N/A       5%          1
b - Blink                 Tloc           2%         N/A       34%         2

Your spell library contained the following spells:

 Spells                   Type           Power      Damage    Failure   Level
 Foxfire                  Conj/Fire      4%         2x1d4     24%         1
 Summon Small Mammal      Summ           4%         N/A       24%         1
 Inner Flame              Hex/Fire       6%         N/A       32%         3
 Portal Projectile        Hex/Tloc       12%        N/A       32%         3
 Summon Guardian Golem    Hex/Summ       6%         N/A       32%         3
 Cause Fear               Hex            5%         N/A       45%         4
 Call Canine Familiar     Summ           1%         N/A       56%         3
 Kindle Blastsparks       Fire/Tloc/Air  2%         2d10      56%         3
 Lesser Beckoning         Tloc           1%         N/A       56%         3
 Flame Wave               Conj/Fire      1%         2d4       93%         4
 Manifold Assault         Tloc           1%         N/A       93%         4


Dungeon Overview and Level Annotations

Branches:
Dungeon (3/15)

Altars:
Sif Muna
Yredelemnul

Annotations:
D:3 Grinder, Sigmund


Innate Abilities, Weirdness & Mutations

You are partially covered in yellow scales. (AC +2)
You sometimes gain a little power by taking damage.


Message History

Fire: a) +1 sling
Press: ? - help, Q - select action, (/) - cycle Shift-Dir - straight line You shoot a sling bullet.
Something hits you but does no damage.
Fire: a) +1 sling
Press: ? - help, Q - select action, (/) - cycle Shift-Dir - straight line You shoot a sling bullet.
You hear some strange, mumbled words.
A puff of flame appears from out of thin air!
The puff of flame hits you but does no damage.
Fire: a) +1 sling
Press: ? - help, Q - select action, (/) - cycle Shift-Dir - straight line You shoot a sling bullet.
You hear some strange, mumbled words.
Something tries to affect you, but you resist.
Fire: a) +1 sling
Press: ? - help, Q - select action, (/) - cycle Shift-Dir - straight line You shoot a sling bullet.
You feel less wooden.
Your +0 pair of boots unmelds from your body.
Your +0 robe unmelds from your body.
Something hits you but does no damage.
You now have 4/33 hp.
Fire: a) +1 sling
Press: ? - help, Q - select action, (/) - cycle Shift-Dir - straight line You shoot a sling bullet.
You hear some strange, mumbled words.
You are confused.
Non-targeted confused fire: a) +1 sling
Press: ? - help, Q - select action, (/) - cycle Dir - look around, f - activate You shoot a sling bullet.
Something hits you but does no damage.
Non-targeted confused fire: a) +1 sling
Press: ? - help, Q - select action, (/) - cycle Dir - look around, f - activate
Okay, then.
You feel a little less mighty now. Something hits you.
* * * LOW HITPOINT WARNING * * *
You take 1 damage, and have 4/33 hp.
Something hits you.
You die...

..........####...#..#......
)##.#..#.#....#...........
#.##........##.÷..##....
###............###...
#...^.....#..# ###)
##............# ##..
..............###...
####........#........
#.#####.@.........#(##...
#........................
#######..{...............
#...........#.........
#.........####....##...
#..........# #....##...
#.....†....# #....##...
#..........# #....# ..
#..........# ######


There were no monsters in sight!

Vanquished Creatures
  A bullfrog (D:2)
  3 adders (D:2)
  A dart slug (D:2)
  A ball python (D:2)
  2 endoplasms (D:1)
  2 giant cockroaches
  4 goblins
  5 hobgoblins
  7 kobolds
  2 quokkas (D:1)
  6 bats
  4 frilled lizards
  7 rats
45 creatures vanquished.

Notes
Turn   | Place    | Note
-------+----------+-------------------------------------------
     0 | D:1      | Ofeo the Demonspawn Hexslinger began the quest for the Orb.
     0 | D:1      | Reached XP level 1. HP: 15/15 MP: 2/2
   397 | D:1      | Gained mutation: You sometimes gain a little power by
                  | taking damage. [demonic ancestry]
   397 | D:1      | Reached XP level 2. HP: 21/21 MP: 3/3
  1338 | D:2      | Reached XP level 3. HP: 24/26 MP: 5/5
  1580 | D:2      | Learned a level 2 spell: Blink
  2703 | D:3      | Gained mutation: You are partially covered in yellow
                  | scales. (AC +2) [demonic ancestry]
  2703 | D:3      | Reached XP level 4. HP: 33/33 MP: 6/6
  2761 | D:3      | Noticed a bullfrog
  2761 | D:3      | Noticed Grinder
  2801 | D:2      | Killed a bullfrog
  3062 | D:3      | Found a shimmering blue altar of Sif Muna.
  3062 | D:3      | Found a basalt altar of Yredelemnul.
  3135 | D:3      | Noticed Sigmund
  3194 | D:3      | Slain by Sigmund

Illustrated notes

Levels and vault maps discovered:
D:1:      onia_arrival_handbag, layout_loops_ring, roderic_serpentine_path
D:2:      layout_basic, minmay_nonomino_d4
D:3:      layout_rooms, mainiacjoe_overflow_concentric_impassable,
          grunt_temple_overflow_open, uniq_grinder, uniq_sigmund, uniq_natasha

Skill      XL: |  1  2  3  4 |
---------------+-------------+-----
Ranged Weapons | 2 |  2.5
Dodging        | 2 |  2.5
Fighting       | 2 |  2.2
Spellcasting   | 2 |  2.1
Hexes          | |  3.6

Action                   |  1- 3 |  4- 6 || total
-------------------------+-------+-------++-------
 Fire: Sling             |   156 |    61 ||   217
 Cast: Slow              |     4 |     4 ||     8
  Use: Potion            |       |     3 ||     3
Armor: Robe              |    27 |    14 ||    41
       Skin              |       |    24 ||    24
Dodge: Dodged            |    60 |    30 ||    90

Table legend: (Time is in decaauts)
 A = Elapsed time spent in this place.
 B = Non-inter-level travel time spent in this place.
 C = Inter-level travel time spent in this place.
 D = Time resting spent in this place.
 E = Time spent auto-exploring this place.
 F = Levels seen in this place.
 G = Mean time per level.
                   A        B        C        D        E       F      G
               +--------+--------+--------+--------+--------+-----+--------+
         Total |   3257 |   3150 |    107 |    495 |   2213 |   3 | 1085.7 |
       Dungeon |   3257 |   3150 |    107 |    495 |   2213 |   3 | 1085.7 |
               +--------+--------+--------+--------+--------+-----+--------+

Top non-repeatable levels by time:
     D:2: 1803 daAuts
     D:1: 1213 daAuts
     D:3: 240 daAuts
